 Dungeon Sprint DCSS version 0.21.2 (webtiles) character file.

6568 Fang the Severer (level 11, -11/78 HPs)
             Began as a Gargoyle Berserker on Oct 16, 2018.
             Was the Champion of Trog.
             Mangled by a lorocyproca (20 damage)
             ... in the Dungeon (Sprint VII: "The Pits").
             The game lasted 00:05:07 (1721 turns).

Fang the Severer (Gargoyle Berserker)               Turns: 1721, Time: 00:05:08

Health: -11/78     AC: 22    Str: 24    XL:     11   Next: 1%
Magic:  0/11       EV: 16    Int:  8    God:    Trog [******]
Gold:   0          SH:  0    Dex:  9    Spells: 10/10 levels left

rFire    . . .     SeeInvis .   b - +4 broad axe (distort)
rCold    . . .     Gourm    .   (no shield)
rNeg     + . .     Faith    .   n - +3 scale mail
rPois    ∞         Spirit   .   (no helmet)
rElec    +         Reflect  .   (no cloak)
rCorr    .         Harm     .   (no gloves)
MR       .....     NoTele   +   (no boots)
Stlth    +.........             (no amulet)
HPRegen  0.23/turn              p - +3 ring of evasion
MPRegen  0.12/turn              r - +3 ring of protection

@: berserk cooldown, slowed, very slow
A: negative energy resistance 1, electricity resistance, unbreathing,
petrification resistance, rot immunity, AC +8
a: Berserk, Trog's Hand, Brothers in Arms, Burn Spellbooks, Renounce Religion


You were in the Dungeon.
You worshipped Trog.
Trog was exalted by your worship.
You were very hungry.

You visited 1 branch

Inventory:

Hand Weapons
 b - a +4 broad axe of distortion (weapon)
 m - a +0 hand axe of freezing
 o - a +2 antimagic battleaxe
 s - a +2 war axe of chopping
Armour
 n - a +3 scale mail (worn)
Jewellery
 p - a +3 ring of evasion (left hand)
 r - a +3 ring of protection (right hand)
Scrolls
 i - a scroll of blinking
 k - 3 scrolls of remove curse
 l - a scroll of summoning
Potions
 a - 2 potions of invisibility
 d - 7 potions of curing
 e - 12 potions of heal wounds
 f - a potion of haste
 g - 4 potions of magic
 h - 5 potions of berserk rage
 q - a potion of resistance
Comestibles
 c - 8 rations
 j - 14 chunks of flesh


   Skills:
 + Level 13.4 Fighting
 + Level 16.3 Axes
 + Level 10.5 Armour
 + Level 8.1 Dodging
 + Level 3.2 Stealth


You had 10 spell levels left.
You didn't know any spells.

Dungeon Overview and Level Annotations

Branches:
Dungeon (1/1)

Altars:
Ashenzari
Cheibriados
Dithmenos
Elyvilon
Fedhas
Gozag
Hepliaklqana
Kikubaaqudgha
Makhleb
Nemelex Xobeh
Okawaru
Qazlal
Ru
Sif Muna
Trog
Uskayaw
Vehumet
Wu Jian
Xom
Yredelemnul
Zin
The Shining One
Beogh
Jiyva
Lugonu


Innate Abilities, Weirdness & Mutations

You are resistant to torment.
Your stone body is resilient. (AC +8)
You are immune to poison.
You resist negative energy. (rN+)
You are resistant to electric shocks. (rElec)
You can survive without breathing.
You are immune to petrification.
You are immune to rotting.


Message History

Your deep troll claws something but does no damage.
You see here a wolf corpse.
Your deep troll completely misses the ufetubus.
Your deep troll claws the ufetubus!!
The ufetubus dies!
Your deep troll bites the great orb of eyes!!
Your deep troll claws the great orb of eyes!
Your deep troll claws the great orb of eyes but does no damage.
Unknown command.
You slash something!
Space bends around something.
You miss the blink frog.
The ufetubus disappears in a puff of smoke!
The blink frog completely misses you.
Your deep troll bites the great orb of eyes!
Your deep troll claws the great orb of eyes!
Your deep troll claws the great orb of eyes!!
The great orb of eyes dies!
Trog accepts your kill.
You have reached level 11!
Something hits you!!
You die...

##'#####''######
......##)'##############
......##......#...'....#
......##....###...# .
..<...##...##.'...+ ..
......##..##..##'## #...
......##.)#..##...## 3'..
......##..#).#..F.†#ly#...
########..'..'..@{)5K.§...
########..#..#...T.#5O#...
.#..[[##..#..##...## 5'..
.#..[[##..##..##÷## #...
.'..))##...##.'...+ ..
.#.!))##....###...# .
.#..))##......#...+
###################


You could see a komodo dragon, a kobold demonologist, a blink frog, a vampire
mosquito, an ogre, an iron imp, an ufetubus and a friendly deep troll (berserk).

Vanquished Creatures
  An ogre mage (D)
  A hydra (D)
  A smoke demon (D)
  4 elephants (D)
  A jumping spider (D)
  2 blink frogs (D)
  A redback (D)
  A flying skull (D)
  A hungry ghost (D)
  A steam dragon (D)
  3 vampire mosquitoes (D)
  A water moccasin (D)
  3 ogres (D)
  A necrophage (D)
  4 wolves (D)
  2 quasits (D)
  2 orc priests (D)
  A gnoll shaman (D)
  A jelly (D)
  2 orc wizards (D)
  An iguana (D)
  A mummy (D)
  5 gnolls (D)
  A white imp (D)
  An ooze (D)
  A worm (D)
  A leopard gecko (D)
  6 orcs (D)
  A goblin (D)
  A hobgoblin (D)
  A ball python (D)
  2 kobolds (D)
  A quokka zombie (D)
  A rat (D)
58 creatures vanquished.

Vanquished Creatures (collateral kills)
  A great orb of eyes (D)
1 creature vanquished.

Vanquished Creatures (others)
  An elephant (D)
  A gargoyle (D)
  A polar bear (D)
3 creatures vanquished.

Grand Total: 62 creatures vanquished

Notes
Turn   | Place    | Note
-------+----------+-------------------------------------------
     0 | D        | Fang the Gargoyle Berserker began the quest for the Orb.
     0 | D        | Reached XP level 1. HP: 14/14 MP: 1/1
    22 | D        | Found a bloodstained altar of Trog.
    22 | D        | Found a deep blue altar of Sif Muna.
    22 | D        | Found a viscous altar of Jiyva.
    22 | D        | Found a hazy altar of Hepliaklqana.
    22 | D        | Found an opulent altar of Gozag.
    23 | D        | Found a glowing golden altar of the Shining One.
    23 | D        | Found a glowing silver altar of Zin.
    23 | D        | Found a basalt altar of Yredelemnul.
    23 | D        | Found a shimmering altar of Xom.
    23 | D        | Found an ornate altar of the Wu Jian Council.
    23 | D        | Found a sacrificial altar of Ru.
    23 | D        | Found a stormy altar of Qazlal.
    23 | D        | Found an iron altar of Okawaru.
    23 | D        | Found a sparkling altar of Nemelex Xobeh.
    23 | D        | Found a burning altar of Makhleb.
    23 | D        | Found a blossoming altar of Fedhas.
    23 | D        | Found a white marble altar of Elyvilon.
    23 | D        | Found a shadowy altar of Dithmenos.
    23 | D        | Found a snail-covered altar of Cheibriados.
    25 | D        | Found a radiant altar of Vehumet.
    25 | D        | Found a corrupted altar of Lugonu.
    25 | D        | Found a roughly hewn altar of Beogh.
    61 | D        | Reached skill level 3 in Axes
    64 | D        | Reached ** piety under Trog
   187 | D        | Reached XP level 2. HP: 16/20 MP: 2/2
   253 | D        | Reached *** piety under Trog
   254 | D        | Reached skill level 5 in Fighting
   254 | D        | Reached skill level 4 in Axes
   254 | D        | Reached XP level 3. HP: 17/26 MP: 3/3
   254 | D        | Reached skill level 5 in Axes
   254 | D        | Reached skill level 1 in Stealth
   254 | D        | Reached XP level 4. HP: 21/32 MP: 4/4
   256 | D        | Reached **** piety under Trog
   574 | D        | Noticed a hungry ghost
   577 | D        | Reached skill level 6 in Axes
   581 | D        | Reached ***** piety under Trog
   581 | D        | Reached XP level 5. HP: 38/38 MP: 5/5
   584 | D        | Received a gift from Trog
   584 | D        | Reached skill level 7 in Axes
   587 | D        | Reached XP level 6. HP: 45/45 MP: 6/6
   591 | D        | Killed a hungry ghost
   591 | D        | Received a gift from Trog
   591 | D        | Reached skill level 9 in Axes
   673 | D        | Noticed a steam dragon
   676 | D        | Killed a steam dragon
   676 | D        | Reached XP level 7. HP: 43/52 MP: 2/7
   842 | D        | Reached skill level 10 in Fighting
   842 | D        | Reached skill level 10 in Axes
   842 | D        | Reached skill level 5 in Armour
   851 | D        | Received a gift from Trog
   915 | D        | Noticed a flying skull
   915 | D        | Noticed a redback
   918 | D        | Killed a flying skull
   918 | D        | Reached skill level 11 in Axes
   918 | D        | Reached skill level 5 in Dodging
   918 | D        | Reached XP level 8. HP: 58/58 MP: 8/8
  1151 | D        | Found a hide-covered altar of Uskayaw.
  1151 | D        | Found an ancient bone altar of Kikubaaqudgha.
  1151 | D        | Found a shattered altar of Ashenzari.
  1198 | D        | Noticed a smoke demon
  1199 | D        | Noticed a flayed ghost
  1203 | D        | Killed a smoke demon
  1203 | D        | Reached ****** piety under Trog
  1241 | D        | Noticed a gargoyle
  1241 | D        | Noticed a jumping spider
  1247 | D        | Banished a gargoyle
  1247 | D        | Reached skill level 12 in Axes
  1252 | D        | Killed a jumping spider
  1265 | D        | Noticed a redback
  1272 | D        | Killed a redback
  1272 | D        | Reached XP level 9. HP: 30/64 MP: 9/9
  1275 | D        | Received a gift from Trog
  1280 | D        | Got a twisted morningstar {god gift}
  1281 | D        | Identified the +11 morningstar of Plunder {freeze, rC- Str+4} (Trog gifted it to you in the Dungeon)
  1548 | D        | Noticed a phantasmal warrior
  1569 | D        | Noticed an elephant
  1569 | D        | Noticed an elephant
  1569 | D        | Noticed an elephant
  1569 | D        | Noticed an elephant
  1569 | D        | Noticed an elephant
  1569 | D        | Noticed an elephant
  1578 | D        | Killed an elephant
  1578 | D        | Reached skill level 13 in Axes
  1580 | D        | Killed an elephant
  1583 | D        | Killed an elephant
  1583 | D        | Reached skill level 14 in Axes
  1583 | D        | Banished an elephant
  1587 | D        | Killed an elephant
  1587 | D        | Reached XP level 10. HP: 71/71 MP: 10/10
  1682 | D        | Noticed a six-headed hydra
  1682 | D        | Noticed an ogre mage
  1683 | D        | Noticed a two-headed ogre
  1684 | D        | Noticed a great orb of eyes
  1684 | D        | Received a gift from Trog
  1685 | D        | Noticed a kobold demonologist
  1686 | D        | Reached skill level 15 in Axes
  1689 | D        | Killed a seven-headed hydra
  1689 | D        | Reached skill level 10 in Armour
  1701 | D        | Received a gift from Trog
  1702 | D        | Paralysed by an ogre mage for 7 turns
  1713 | D        | Killed an ogre mage
  1713 | D        | Reached skill level 16 in Axes
  1721 | D        | Killed a great orb of eyes
  1721 | D        | Reached XP level 11. HP: 9/78 MP: 0/11
  1721 | D        | Mangled by a lorocyproca

Skill      XL: |  1  2  3  4  5  6  7  8  9 10 |
---------------+-------------------------------+-----
Axes           | 3 4 5 6 7 9 11 12 14 16 | 16.3
Fighting       | 4 5 6 7 8 9 10 11 12 13 | 13.4
Dodging        | 2 3 4 5 7 8 |  8.1
Armour         | 3 4 6 7 9 10 | 10.5
Stealth        | 1 2 3 |  3.2

Action                   |  1- 3 |  4- 6 |  7- 9 | 10-12 || total
-------------------------+-------+-------+-------+-------++-------
Melee: Hand axe          |    15 |    25 |       |       ||    40
       Battleaxe         |       |     6 |    30 |       ||    36
       Broad axe         |       |       |    47 |    40 ||    87
Invok: Berserk           |     1 |     2 |     3 |     1 ||     7
       Brothers in Arms  |       |       |       |     1 ||     1
 Stab: Sleeping          |     1 |       |       |       ||     1
  Eat: Chunk             |       |     2 |     2 |     2 ||     6
       Ration            |       |       |     1 |       ||     1
Armor: Animal skin       |     2 |       |       |       ||     2
       Scale mail        |       |     8 |    88 |    41 ||   137
Dodge: Dodged            |     5 |    10 |    63 |    48 ||   126
